Cogmind - Beta 15 *** ADVENTURER MODE // 2025.09.06 @ 00:01:17 Player: Knightshade Result: Destroyed by Shrapnel Trap Performance ------------- Evolutions (0) 0 Regions Visited (2) 400 Robots Destroyed (41) 205 Value Destroyed (1012) 1012 Prototype IDs (15) 300 Alien Tech Used (0) 0 Bonus (0) 0 TOTAL SCORE: 1917 Bonus ------- None Cogmind --------- Core Integrity 0/250 Matter 290/300 Energy 249/250 System Corruption 0% Temperature Cool (0) Movement Rolling (215) Ox9 Location -10/Subcaves Parts ------- > --- POWER (1) -------- Ion Engine > --- PROPULSION (2) --- Spiked Treads Wheel > --- UTILITY (2) ------ Huge Storage Unit V3-11A's Pendant > --- WEAPON (2) ------- Subdweller Laser Subdweller Beam Cannon > --- INVENTORY (25) --- Ion Engine Wheel Compact Wheel Compact Wheel Subdweller Monowheel Large Matter Pod (150) High-capacity Matter Pod (200) Gun Armor Makeshift Hacking Suite Rainbow Chip Heavy Riot Gun Subdweller Laser Subdweller Laser Makeshift Laser Subdweller Beam Cannon Subdweller Beam Cannon Battle Rifle Subdweller Machine Gun Subdweller Machine Gun Subdweller Machine Gun Subdweller Machine Gun Battle Cannon Grenade Launcher Multitool Makeshift Spear Peak State ------------ > --- POWER ------------ Subdweller Power Source > --- PROPULSION ------- Spiked Treads Subdweller Monowheel > --- UTILITY ---------- Huge Storage Unit Core Shielding > --- WEAPON ----------- Makeshift Laser Subdweller Machine Gun > --- INVENTORY -------- Ion Engine Ion Engine Subdweller Power Source Light Treads Wheel Wheel Compact Wheel Compact Wheel Subdweller Monowheel Subdweller Monowheel Subdweller Monowheel Large Matter Pod High-capacity Matter Pod Gun Armor Makeshift Hacking Suite Subdweller Laser Subdweller Laser Subdweller Beam Cannon Assault Rifle Battle Rifle Subdweller Machine Gun Battle Cannon Grenade Launcher Multitool Makeshift Spear [Rating: 19] Favorites ----------- Power Ion Engine Engine Ion Engine Propulsion Light Treads Treads Light Treads Leg Aluminum Leg Wheel Wheel Utility Huge Storage Unit Device Seismic Detector Storage Huge Storage Unit Protection Light Armor Plating Weapon Assault Rifle Energy Gun Subdweller Laser Energy Cannon Subdweller Beam Cannon Ballistic Gun Assault Rifle Launcher Grenade Launcher Build | -11 -10 -10 ------- Run | Yrd Mat Sub Slots Evolved . | . . . Power . | . . . Propulsion . | . . . Utility . | . . . Weapon . | . . . Parts Attached 34 | 8 7 19 Power 5 | 1 . 4 Engine 5 | 1 . 4 Core . | . . . Reactor . | . . . Propulsion 8 | 2 2 4 Treads 4 | . 2 2 Leg 2 | 2 . . Wheel 2 | . . 2 Hover . | . . . Flight . | . . . Utility 7 | 2 2 3 Device 2 | 1 . 1 Storage 2 | 1 1 . Processor . | . . . Hackware . | . . . Protection 3 | . 1 2 Artifact . | . . . Weapon 14 | 3 3 8 Energy Gun 5 | 1 . 4 Energy Cannon 3 | . 2 1 Ballistic Gun 5 | 2 . 3 Ballistic Cannon . | . . . Launcher 1 | . 1 . Special Weapon . | . . . Impact Weapon . | . . . Slashing Weapon . | . . . Piercing Weapon . | . . . Special Melee Weapon . | . . . Unidentified Prototypes 1 | . . 1 Parts Lost 8 | . . 8 Power 1 | . . 1 Propulsion 3 | . . 3 Utility 2 | . . 2 Weapon 2 | . . 2 Highest Loss Streak 6 | . . 6 To Critical Strikes 1 | . . 1 Average Backups 17 | 3 11 21 Power 1 | . 1 1 Propulsion 4 | 2 2 6 Utility 3 | . 2 3 Weapon 7 | . 4 9 Tool/Special . | . . . Unused Backups 25 | . . 25 Power . | . . . Propulsion 6 | . . 6 Utility 5 | . . 5 Weapon 13 | . . 13 Tool/Special 1 | . . 1 Average Slot Usage (%) 99 | . 100 99 Engine 13 | . 14 13 Treads 24 | . 26 23 Wheel 2 | . . 4 Storage 14 | . 14 14 Protection 13 | . 13 13 Energy Gun 9 | . . 15 Energy Cannon 4 | . 2 4 Ballistic Gun 12 | . 22 8 Launcher 1 | . 2 . Peak Build Rating 19 | 7 8 19 Average Rating 11 | 5 7 14 On Entrance 5 | . 7 8 Naked Turns . | . . . Heaviest Build 98 | 15 94 98 Greatest Support 40 | 20 40 40 Greatest Overweight (x) 9 | 2 2 9 Average Overweight (x) 3 | . 1 4 Largest Inventory Capacity 25 | 8 25 25 Average Capacity 23 | 7 23 25 Most Carried 25 | 5 14 25 Average Carried 17 | 3 11 21 Final Capacity 25 | 8 25 25 Final Carried 25 | 5 14 25 Class Distribution -------------------- 100% | Mutant Dominant Class ---------------- Mutant | -10/Materials Mutant | -10/Subcaves Resources | -11 -10 -10 ----------- Run | Yrd Mat Sub Matter Collected 1451 | 281 474 696 Remotely . | . . . Salvage Created 1303 | 36 432 835 Parts 82 | 4 31 47 Haulers Intercepted 1 | . 1 . Recyclers Shooed 2 | 1 1 . Parts Field Recycled . | . . . Retrieved Matter . | . . . Parts Self-Destructed 13 | . . 13 Prevented . | . . . Kills | -11 -10 -10 ------- Run | Yrd Mat Sub Combat Hostiles Destroyed 32 | . 11 21 Guns 25 | . 11 14 Cannons 3 | . . 3 AOE 4 | . . 4 Classes Destroyed 10 | 1 5 4 Builder 1 | . 1 . Tunneler 2 | 2 . . Hauler 1 | . 1 . Turret 2 | . . 2 Watcher 3 | . 3 . Swarmer 13 | . 6 7 Grunt 5 | . 5 . Artisan 1 | . . 1 Cobbler 2 | . . 2 Subdweller 14 | . . 14 Best Kill Streak 7 | 1 5 7 Combat Bots Only 7 | . 5 7 Max Kills in Single Turn 4 | 1 2 4 Gunslinging 1 | . 1 . Exploded 4 | . . 4 Melee . | . . . Uniques/NPCs Destroyed . | . . . Combat | -11 -10 -10 -------- Run | Yrd Mat Sub Hostile Shots Fired 221 | . 43 178 Missed 73 | . 10 63 Hits 148 | . 33 115 Projectile 148 | . 33 115 Critical Strikes 4 | . . 4 Actively Blocked 2 | . . 2 Damage Taken 1705 | . 205 1500 Core 272 | . 20 252 Absorbed by Shields . | . . . Redirected to Shielding 30 | . . 30 Ignored by Resistances 503 | . 72 431 Core Remaining (%) 100 | 100 . . Volleys Fired 143 | 8 30 105 Largest 2 | 2 2 2 Hottest 140 | 40 120 140 Shots Fired 273 | 16 59 198 Gun 229 | 16 52 161 Cannon 38 | . 6 32 Launcher 6 | . 1 5 Special . | . . . Kinetic 146 | 16 52 78 Thermal 121 | . 6 115 Explosive 6 | . 1 5 Electromagnetic . | . . . Robot Hit Streak 44 | 6 16 44 Robot Miss Streak 3 | 1 3 3 Penetration Max . | . . . Secondary Targets 6 | . 1 5 Max Gunslinging Chain 1 | . 1 1 Shots Hit Robots 163 | 13 34 116 Core Hits 70 | 3 21 46 Critical Kills 2 | . 1 1 Critical Parts Destroyed 1 | . . 1 Critical Strikes 5 | . 1 4 Burn 1 | . . 1 Destroy 4 | . 1 3 Melee Attacks . | . . . Impact . | . . . Slashing . | . . . Piercing . | . . . Sneak Attacks . | . . . Combat Hostiles . | . . . Follow-up Attacks . | . . . Damage Inflicted 3044 | 155 451 2438 Guns 2433 | 155 451 1827 Cannons 363 | . . 363 Explosions 248 | . . 248 Melee . | . . . Ramming . | . . . Kinetic 1454 | 155 451 848 Thermal 1342 | . . 1342 Explosive 248 | . . 248 Electromagnetic . | . . . Impact . | . . . Slashing . | . . . Piercing . | . . . Highest Corruption . | . . . Average Corruption . | . . . Corruption Purged . | . . . Corruption Blocked . | . . . Overload Shots . | . . . Overflow Damage 7 | . . 7 Projectiles 7 | . . 7 Explosions . | . . . Melee . | . . . Knockbacks . | . . . Impact . | . . . Kinetic . | . . . Secondary . | . . . Self-Inflicted Damage . | . . . Shots . | . . . Rammed . | . . . Targets Rammed . | . . . Kicked . | . . . Crushed . | . . . Highest Temperature 138 | . 138 54 Average Temperature 23 | . 45 16 Received Heat Transfer 423 | . 42 381 Siege Activations . | . . . Martial Activations . | . . . Shielding Activations . | . . . Robots Disrupted . | . . . Combat Hostiles . | . . . Robots Corrupted . | . . . Combat Hostiles . | . . . Parts Fried . | . . . Impact Corruptions . | . . . Robots Melted . | . . . Combat Hostiles . | . . . Parts Melted . | . . . Heat Transferred 2023 | . . 2023 Parts Sabotaged . | . . . Parts Stolen . | . . . Parts Stripped . | . . . Power Chain Reactions . | . . . Alert | -11 -10 -10 ------- Run | Yrd Mat Sub Maximum Alert Level . | . . . Low Security (%) 100 | 100 100 . Level 1 . | . . . Level 2 . | . . . Level 3 . | . . . Level 4 . | . . . Level 5 . | . . . High Security . | . . . Max Security . | . . . Peak Influence 157 | 5 157 . Initial . | . . . Average 15 | . 16 . Influence Increases 810 | 10 385 415 Destroy 0b10 Robot/C 400 | . 220 180 Destroy 0b10 Robot/NC 35 | 10 25 . Destroy Leader 58 | . 48 10 Successful Hack 30 | . 30 . Select Force Hacks 30 | . 30 . Disable Machine 9 | . 9 . Destroy Structure 8 | . 8 . Partial Spotted 15 | . 15 . Lose Combat Pursuer 225 | . . 225 Influence Decreases 810 | 10 385 415 Time Decay 740 | 10 385 345 Lost Part 70 | . . 70 Squads Dispatched 1 | . 1 . Investigation 1 | . 1 . Extermination . | . . . Reinforcement . | . . . Assault . | . . . Garrison . | . . . Intercept . | . . . Searches Triggered . | . . . Construction Impeded . | . . . Haulers Reinforced . | . . . Active Scanning Responses . | . . . Cargo Convoy Interrupts . | . . . Stealth | -11 -10 -10 --------- Run | Yrd Mat Sub Distress Signals 1 | . 1 . Communications Jammed . | . . . Distress Signals . | . . . Times Spotted 43 | . 15 28 Peak Tracking Total 5 | . 4 5 Tactical Retreats 4 | . . 4 Traps | -11 -10 -10 ------- Run | Yrd Mat Sub Traps Triggered 3 | . 1 2 Indirectly . | . . . Trap Hack Attempts . | . . . Triggered . | . . . Disarmed . | . . . Reprogrammed . | . . . Reused . | . . . Traps Extracted . | . . . Installed . | . . . Triggered . | . . . Machines | -11 -10 -10 ---------- Run | Yrd Mat Sub Machines Disabled 5 | . 1 4 Max in Single Turn 1 | . 1 1 Machines Repaired . | . . . Machines Dismantled . | . . . Machines Sabotaged . | . . . Overloaded Fab Kills . | . . . Hacking | -11 -10 -10 --------- Run | Yrd Mat Sub Machines Accessed 12 | . 10 2 Terminals 8 | . 8 . Fabricators . | . . . Repair Stations . | . . . Recycling Units 2 | . 2 . Scanalyzers . | . . . Garrison Access . | . . . Total Hacks 41 | . 36 5 Successful 27 | . 22 5 Failed 14 | . 14 . Catastrophic 2 | . 2 . Database Lockouts . | . . . Manual 23 | . 23 . Terminals 33 | . 33 . Fabricators . | . . . Repair Stations . | . . . Recycling Units 3 | . 3 . Scanalyzers . | . . . Garrison Access . | . . . Terminal Hacks 13 | . 8 5 Record 4 | . . 4 Prototype ID Bank 2 | . 2 . Locate Traps 2 | . 2 . Security Status 1 | . 1 . Hauler Manifests 1 | . 1 . Registered Components 1 | . 1 . Registered Prototypes 1 | . 1 . Proto ID Catalog 1 | . . 1 Fabricator Hacks . | . . . Repair Station Hacks . | . . . Recycling Unit Hacks 2 | . 2 . Report Inventory 1 | . 1 . Retrieve Components 1 | . 1 . Scanalyzer . | . . . Garrison Access Hacks . | . . . Unauthorized Hacks 12 | . 12 . Terminals 11 | . 11 . Botnet 6 | . 6 . Skim 5 | . 5 . Fabricators . | . . . Repair Stations . | . . . Recycling Units 1 | . 1 . Tunnel 1 | . 1 . Scanalyzers . | . . . Garrison Access . | . . . Data Cores Recovered . | . . . Used . | . . . Hacking Detections 8 | . 8 . Full Trace Events . | . . . Feedback Events . | . . . Feedback Blocked . | . . . Robot Schematics Acquired . | . . . Robots Built . | . . . Authchips . | . . . Time . | . . . Total Robot Build Rating . | . . . Part Schematics Acquired . | . . . Parts Built . | . . . Authchips . | . . . Time . | . . . Total Part Build Rating . | . . . Parts Repaired . | . . . Time . | . . . Parts Recycled . | . . . Recycled Matter . | . . . Retrieved Matter . | . . . Retrieved Components 10 | . 10 . Parts Scanalyzed . | . . . Part Schematics Acquired . | . . . Parts Damaged . | . . . Bothacking | -11 -10 -10 ------------ Run | Yrd Mat Sub Used RIF Installer . | . . . Robots Hacked . | . . . Non-combat . | . . . Combat . | . . . Robot Hacks Applied . | . . . Relay Couplers Released . | . . . Fabnet Peak Effective % . | . . . Robots Rewired . | . . . Allies Hacked . | . . . Hacks Repelled . | . . . Allies | -11 -10 -10 -------- Run | Yrd Mat Sub Total Allies 1 | . . 1 Largest Group 1 | . . 1 Highest-Rated Group 19 | . . 19 Highest-Rated Ally 19 | . . 19 Total Orders . | . . . Ally Attacks . | . . . Total Damage . | . . . Kills . | . . . Allies Corrupted . | . . . Allies Melted . | . . . Intel | -11 -10 -10 ------- Run | Yrd Mat Sub Active Infowar (turns) 76 | 18 58 . Seismic 76 | 18 58 . Robot Analysis Total . | . . . Derelict Logs Recovered 1 | . . 1 Drone Launches . | . . . Drone Recoveries . | . . . Exploration | -11 -10 -10 ------------- Run | Yrd Mat Sub Turns Passed 7789 | 176 2652 4961 Spaces Moved 2602 | 105 876 1621 Core 9 | 9 . . Treads 1719 | . 805 914 Legs 167 | 96 71 . Wheels 707 | . . 707 Hover . | . . . Flight . | . . . Fastest Speed 50 | 50 120 150 Average Speed 270 | 120 286 271 Slowest Speed 480 | 150 320 480 Overloaded Moves . | . . . Propulsion Burnouts . | . . . Robots Hopped . | . . . Potential Cave-ins . | . . . Cave-ins Triggered . | . . . Exploration Rate (%) 60 | 7 98 76 Regions Visited 2 Branch Regions 1 Pre-discovered Areas 2 | . 1 1 Known Exits Taken . | . . . Unknown Exits Taken 2 | 1 1 . Scrap Searched 12 | . . 12 Spaces Dug 8 | . 8 . Terrain Destroyed 32 | . 8 24 Melee . | . . . Projectile 2 | . . 2 AOE 30 | . 8 22 Terrain Rammed . | . . . Walls Destroyed . | . . . Machines Disabled . | . . . Actions | -11 -10 -10 --------- Run | Yrd Mat Sub Total 3071 | 135 958 1978 Wait 222 | 8 32 182 Move 2600 | 104 875 1621 Hop . | . . . Pick Up 47 | 7 11 29 Fast Attach 6 | 5 . 1 Attach 9 | 2 . 7 Detach . | . . . Swap 28 | 1 7 20 Drop 16 | . 3 13 Fire 143 | 8 30 105 Melee . | . . . Ram . | . . . Kick . | . . . Crush . | . . . Escape Stasis . | . . . Rewire . | . . . Trap . | . . . Miscellaneous . | . . . Route ------- -11/Scrapyard -10/Materials (discovered 5 exits: [*Mat x3] / [*Min] / *Sub) -10/Subcaves (discovered 3 exits: [*Mat x2] / [*Rec]) History --------- Turn | Location | Event 10 | -11/Scrapyard | Discovered new exit (range 16) 177 | -11/Scrapyard | Entered Materials 311 | -10/Materials | Build established: Mutant 894 | -10/Materials | Discovered new exit (range 7) 1167 | -10/Materials | Discovered new exit (range 11) 1180 | -10/Materials | Learned location of 2 exits from Mines 1223 | -10/Materials | Loaded intel: 28 trap records 1256 | -10/Materials | Learned 2 Mines zone layouts 1281 | -10/Materials | Learned 4 Subcaves zone layouts 1319 | -10/Materials | Learned location of 1 exit from Recycling 1525 | -10/Materials | Discovered new exit (range 16) 2127 | -10/Materials | Discovered new exit (range 8) 2784 | -10/Materials | Discovered new exit (range 15) 2829 | -10/Materials | Entered Subcaves 2830 | -10/Subcaves | Approached by a straggling Scientist 2858 | -10/Subcaves | Shifting Twisted Machinery released Sub. Power Source 2861 | -10/Subcaves | Shifting Twisted Machinery released Barrage Gun 3059 | -10/Subcaves | Discovered new exit (range 5) 3381 | -10/Subcaves | Shifting Twisted Machinery released Flamer 3394 | -10/Subcaves | Shifting Twisted Machinery released Sub. Machine Gun 3507 | -10/Subcaves | A swath of the cavern ceiling suddenly collapsed 4160 | -10/Subcaves | Discovered new exit (range 15) 4181 | -10/Subcaves | Destroyed 7 combat bots 4214 | -10/Subcaves | Discovered new exit (range 14) 4309 | -10/Subcaves | A Subdweller sparked back to life 4309 | -10/Subcaves | A Subdweller sparked back to life 4309 | -10/Subcaves | A Subdweller sparked back to life 4341 | -10/Subcaves | Core integrity fell below 50% 4383 | -10/Subcaves | Found Prototype Protection 4387 | -10/Subcaves | Lost 6 parts (1p2n1u2w) 4889 | -10/Subcaves | Shifting Twisted Machinery released Mak. Hacking Suite 4915 | -10/Subcaves | Shifting Twisted Machinery released Spk. Treads 6125 | -10/Subcaves | Visited Clippyterm 6135 | -10/Subcaves | Learned Factory fabricator intel 6135 | -10/Subcaves | Learned Factory garrison access intel 6636 | -10/Subcaves | Core integrity fell below 20% 7544 | -10/Subcaves | Visited 4L-MR0's lab 7556 | -10/Subcaves | Learned location of Mines (-10) 7558 | -10/Subcaves | Identified Gun Armor 7573 | -10/Subcaves | Found Rainbow Chip 7715 | -10/Subcaves | Visited triangular shrine 7728 | -10/Subcaves | Found Prototype Device 7728 | -10/Subcaves | Identified V3-11A's Pendant 7733 | -10/Subcaves | Befriended Subdweller 7790 | -10/Subcaves | Destroyed by Shrapnel Trap Last Messages --------------- Powered Cannon 07562_ 4L-MR0 mumbles: "I'm surprised some of them are even willing to come in here given their fear of my usual visitors." 07565_ Testing Chamber breached. 07572_ Dropped Sub. Monowheel. 07573_ Acquired Rainbow Chip. 07577_ 4L-MR0 mumbles: "Who knows where that last prototype ended up, probably tossed aside somewhere as if it were useless junk..." 07715_ The triangle emblem flashes and the door slides away. 07716_ V3-11A: "So the triangle door let you in, too. What does the pendant tell you?" 07717_ V3-11A: "It told me to wait here, so here I have waited for quite some time." 07728_ Acquired Prototype Device. 07728_ Identified V3-11A's Pendant. 07733_ V3-11A: "The pendant says I should follow you." 07738_ V3-11A: "The pendant has taught me much." 07739_ V3-11A: "About the stars. About the molecules. About life." 07790_ Triggered Shrapnel Trap. 07790_ An expanding cloud of shrapnel blasts out in all directions. Map ----- +----------------------------------------------------+ | ??????????????????????????????#"""### ## ## | | ??????????????????????????????#"" ## ### | | ??????????????????????????????#"X ##?### | | ??????????????????????????????#"" ## #????## | | ###???????????????????????????#"""## #?????## | | #???????????????????????????######## ##??????## | | #??????????????????????????????????# ##????????# | | #????###???????????????????????????###?????????? | | #????#"#???????????????????????????????????????? | | ##???##!##??????????????????????????????????????? | | ##????#" "#??????????????????????????????????????? | | #????## ##?????????????????????????????????????? | | ####?#" "#?????????????????????????????????????? | | ## #?### ###?###?????????????????????????????????? | | ## ##### ##?## #?????????????????????????????????? | | ## #?# #?#####???????????????????????????? | | #### ### #???????????????????????????? | | # ## #???????????????????????????? | | ### #???????????????????????????? | | ##### ##???????????????????????????? | | #???## #????????????????????????????? | | ##????# ## ###??????????????????????????? | | ##????## ## R# ####???????????????????????? | | ###### # ###/ #???????????????????????# | | # ## # ##?????????????????????## | | # #### @#?????????????????????# | | ## # ### # #?????????????????????# | | ## #####?# ## #?????????????????????## | | ?###### #?## # # #??????????????????????? | | ??????? #??## #### # ##?????????????????????? | | ??????? #??## ### ##????????????????????# | | ???????# #### ## # #????????????????????# | | ???????? #### #????????????????????# | | ???????? ## ##??#####???????????????####?# | | ???????? ########???????????????????????# #?# | | ?????????# ##?????????????????????????????## ### | | ?????????? #??????????????????????????????#" #" | | ?????????? ##??????????????????????????????#" " " | | ??????????##???????????????????????????????#"" " | | ???????????????????????????????????????????##""""" | | ????????????????????????????????????????????#" """ | | ????????????????????????????????????????????##"""" | | ?????????????????????????????????????????????### | | ???????????????????????????????????????????????### | | ?????????????????????????????????????????????????? | | ?????????????????????????????????????????????????? | | ?????????????????????????????????????????????????? | | ?????????????????????????????????????????????????? | | ?????????????????????????????????????????????????? | | ?????????????????????????????????????????????????? | +----------------------------------------------------+ Best States ------------- Heat Dissipation 25 Energy Generation 15 Energy Capacity 250 Matter Stores 300 Matter Capacity 300 Sight Range 16 Terrain Scan Density 10 Armor Coverage 150 Resistance: KI 20 Resistance: TH 20 Resistance: EX 20 Resistance: EM 20 Resistance: I 20 Resistance: S 20 Resistance: P 20 Core Shielding 20 Evasion (%) 55 Recoil Reduction 2 Offensive Hacking 10 Item Schematics ----------------- None Robot Schematics ------------------ None Fabricated ------------ Nothing Repaired ---------- Nothing Alien Tech Used ----------------- None Achievements -------------- None Challenges ------------ None Game ------ Seed RingHypercooledShotgun Manual? 0 Play Time 00:26:23 Cumulative 129.8 hours Start 2025.09.05 @ 23:18:04 End 2025.09.06 @ 00:01:17 Sessions 1 Manual Loads 0 Difficulty Adventurer Special Mode None Game No. 92 Rogue 0 Adventurer 92 Explorer 0 Win Type - Total 0 Types 0/0/0/0/0/0/0/0/0/0 Lore% 33 Gallery% 45 Achievement% 39 Wizard Run 0 Options --------- Layout 0 ASCII 0 Keyboard 0 Movement Numpad Keybinds 0 Fullscreen 1 Font 18/SmallcapsGlow Map View 76x50 Zoom Use 0% Tactical HUD 1 Map Filters NONE Filters NONE Steam 1 RUN: 74bfbafd-b2ce-4c8e-b1f2-15d076dc1fd4